 Dungeon Crawl Stone Soup version 0.29.0-4-gdea44cf6ec (webtiles) character file.

Game seed: 7263290294036913342

231 qw the Chopper (level 6, -1/33 (35) HPs)
             Began as a Tengu Warper on Aug 28, 2022.
             Slain by a wight
             ... wielding a +3 flail
              (10 damage)
             ... on level 4 of the Dungeon.
             The game lasted 00:00:19 (3268 turns).

qw the Chopper (Tengu Warper)                       Turns: 3268, Time: 00:00:20

HP:   -1/33 (35)    AC:  8    Str: 13    XL:     6   Next: 4%
MP:   10/10         EV: 15    Int: 14    God:
Gold: 162           SH:  0    Dex: 13    Spells: 9/9 levels left

rFire   . . .      SeeInvis .   Y - +0 hand axe
rCold   . . .      Faith    .   (no shield)
rNeg    . . .      Spirit   .   b - +0 scale mail
rPois   +          Reflect  .   a - +2 hat
rElec   +          Harm     .   (no cloak)
rCorr   .          Rampage  .   (no gloves)
Will    +....                   (boots unavailable)
Stlth   ..........              (no amulet)
HPRegen 0.11/turn               e - ring of poison resistance
MPRegen 0.12/turn               n - +4 ring of evasion

@: flying quickly and evasively, drained, quick
A: beak, talons 3, nimble flight, strong-willed 1, electricity resistance,
evolution 1
a: no special abilities


You were on level 4 of the Dungeon.
You visited 1 branch of the dungeon, and saw 4 of its levels.

You collected 162 gold pieces.


Innate Abilities, Weirdness & Mutations

You have a beak for a mouth.
You have claws for feet.
Your magical nature lets you fly swiftly and evasively.
You are strong-willed. (Will+)
You are resistant to electric shocks. (rElec)
You have hidden genetic potential.


   Skills:
 - Level 2.0 Fighting
 + Level 6.7 Axes
 - Level 1.0 Throwing
 - Level 1.1 Armour
 - Level 2.1 Dodging
 - Level 2.0 Spellcasting
 - Level 2.4 Translocations


You had 9 spell levels left.
You didn't know any spells.
Your spell library contained the following spells:

 Spells                   Type           Power      Damage    Failure   Level
 Blink                    Tloc           16%        N/A       54%         2
 Gell's Gravitas          Tloc           8%         N/A       78%         3
 Lesser Beckoning         Tloc           8%         N/A       78%         3
 Teleport Other           Tloc           8%         N/A       78%         3
 Manifold Assault         Tloc           8%         N/A       100%        5

Inventory:

Hand Weapons
 m - a +0 whip
 Y - a +0 hand axe (weapon)
Armour
 a - a +2 hat (worn)
 b - a +0 scale mail (worn)
Jewellery
 e - a ring of poison resistance (left hand)
 n - a +4 ring of evasion (right hand)
Scrolls
 c - a scroll of identify
 k - a scroll of teleportation
Potions
 d - a potion of cancellation
 g - a potion of mutation
 h - a potion of haste
 i - a potion of heal wounds
 l - a potion of curing

Dungeon Overview and Level Annotations

Branches:
Dungeon (4/15)
 Temple: D:4-7

Altars:
Qazlal
Vehumet
The Shining One

Annotations:
D:2 1 runed translucent door, Crazy Yiuf


Message History

The wight is severely damaged.
The wight completely misses you.
You hit the wight. Your punch misses the wight.
The wight is almost destroyed.
You barely miss the wight. The wight barely misses you.
The wight hits you but does no damage.
You barely miss the wight. Your kick misses the wight.
The wight is almost destroyed.
You closely miss the wight. The wight closely misses you.
The wight hits you with a +3 flail.
You hit the wight.
You destroy the wight!
You hit the wight. The wight hits you with a +3 flail!
You feel drained.
Your life force feels restored.
You have reached level 6!
You closely miss the wight. Your kick misses the wight.
The wight is lightly damaged.
The wight hits you with a +3 flail.
You feel drained.
You hit the wight. You claw the wight, but do no damage.
Your peck misses the wight.
The wight is moderately damaged.
The wight closely misses you.
You hit the wight but do no damage. Your kick misses the wight.
The wight is moderately damaged.
The wight barely misses you.
You closely miss the wight. Your kick misses the wight.
The wight is moderately damaged.
The wight hits you but does no damage.
You hit the wight but do no damage.
The wight is moderately damaged.
The wight hits you with a +3 flail!
You completely miss the wight. Your kick misses the wight.
You peck the wight, but do no damage.
The wight is moderately damaged.
The wight barely misses you.
You hit the wight.
The wight is severely damaged.
The wight hits you with a +3 flail!
You die...

#... .... ..
#... $..# ..
#.... ... ##.##
#.....###.##...<
#..............
#.....##..#..#
#.....)..[#.#
#....$z@..<.#
#.........###
#.....#####
######


You could see a wight.

Vanquished Creatures
  2 wights (D:4)
  5 adders
  2 worms (D:2)
  2 dart slugs (D:1)
  An orc (D:3)
  8 endoplasms
  4 giant cockroaches
  4 goblins
  4 hobgoblins
  5 jackals
  6 kobolds
  3 quokkas (D:1)
  5 ball pythons
  6 bats
  2 frilled lizards
  12 rats
71 creatures vanquished.

Vanquished Creatures (others)
  3 fungi (D:1)
  6 plants (D:1)
9 creatures vanquished.

Grand Total: 80 creatures vanquished

Notes
Turn   | Place    | Note
-------+----------+-------------------------------------------
     0 | D:1      | qw the Tengu Warper began the quest for the Orb.
     0 | D:1      | Reached XP level 1. HP: 12/12 MP: 4/4
     0 | D:1      | 0 ||| qw: Version: 0.1-a-89-g26bdef1
     0 | D:1      | 0 ||| qw: Game counter: 3023
     0 | D:1      | 0 ||| qw: Always use a shield: true
     0 | D:1      | 0 ||| qw: God list: Okawaru
     0 | D:1      | 0 ||| qw: Allow faded altars: false
     0 | D:1      | 0 ||| qw: Do Orc after D:15 true
     0 | D:1      | 0 ||| qw: Do second Lair branch before Depths: true
     0 | D:1      | 0 ||| qw: Lair rune preference: random
     0 | D:1      | 0 ||| qw: Plans: Normal
     0 | D:1      | 0 ||| PLANNING D:1-11
    21 | D:1      | 21 ||| Stepping ~*~*~tactically~*~*~ (stealth).
   134 | D:1      | Reached skill level 3 in Axes
   134 | D:1      | Reached XP level 2. HP: 17/17 MP: 6/6
   310 | D:1      | 310 ||| Stepping ~*~*~tactically~*~*~ (stealth).
   344 | D:1      | 344 ||| Stepping ~*~*~tactically~*~*~ (stealth).
   623 | D:1      | Reached XP level 3. HP: 21/21 MP: 7/7
   658 | D:1      | 658 ||| UPGRADING to +0 ring mail.
   703 | D:1      | 703 ||| DROPPING +0 leather armour.
   887 | D:1      | 887 ||| UPGRADING to +0 scale mail.
   897 | D:1      | 897 ||| DROPPING +0 ring mail.
   943 | D:1      | Found a faded altar of an unknown god.
  1062 | D:1      | Reached skill level 4 in Axes
  1073 | D:1      | 1073 ||| UPGRADING to ring of poison resistance.
  1074 | D:1      | 1074 ||| READING scroll labelled CITIL USOKOUM.
  1075 | D:1      | 1075 ||| READING scroll labelled TOSOLY DOLE.
  1076 | D:1      | 1076 ||| READING scroll labelled NEGRER FUZIAT.
  1076 | D:1      | Identified a scroll of acquirement
  1076 | D:1      | 1076 ||| ACQUIRING +2 hat
  1076 | D:1      | Acquired a +2 hat
  1078 | D:1      | 1078 ||| UPGRADING to +2 hat.
  1083 | D:1      | 1083 ||| READING 2 scrolls labelled BUW NIMOPLEO.
  1088 | D:1      | 1088 ||| READING scroll labelled CUDILI JUYSEK JED.
  1089 | D:1      | 1089 ||| DROPPING scroll of blinking.
  1098 | D:2      | 1098 ||| STAIRDANCE
  1118 | D:2      | 1118 ||| STAIRDANCE
  1125 | D:2      | 1125 ||| STAIRDANCE
  1258 | D:2      | Reached XP level 4. HP: 26/26 MP: 8/8
  1593 | D:2      | Reached skill level 5 in Axes
  1604 | D:2      | You fall into a shaft and drop 1 floor!
  1854 | D:3      | 1854 ||| Stepping ~*~*~tactically~*~*~ (stealth).
  1855 | D:3      | 1855 ||| Stepping ~*~*~tactically~*~*~ (stealth).
  1856 | D:3      | 1856 ||| Stepping ~*~*~tactically~*~*~ (stealth).
  1857 | D:3      | 1857 ||| Stepping ~*~*~tactically~*~*~ (stealth).
  1857 | D:3      | Found a stormy altar of Qazlal.
  1859 | D:3      | 1859 ||| UPGRADING to +4 ring of evasion.
  1860 | D:3      | 1860 ||| READING scroll labelled CIFFARAVYE.
  1879 | D:3      | 1879 ||| FLEEEEING.
  1880 | D:3      | 1880 ||| FLEEEEING.
  1881 | D:3      | 1881 ||| FLEEEEING.
  1882 | D:3      | 1882 ||| FLEEEEING.
  1883 | D:3      | 1883 ||| FLEEEEING.
  1886 | D:3      | 1886 ||| STAIRDANCE
  2056 | D:2      | 2056 ||| Stepping ~*~*~tactically~*~*~ (stealth).
  2060 | D:2      | 2060 ||| FLEEEEING.
  2062 | D:2      | 2062 ||| FLEEEEING.
  2125 | D:2      | Found a runed translucent door.
  2126 | D:2      | Noticed Crazy Yiuf
  2223 | D:2      | 2223 ||| DRINKING 2 ruby potions.
  2224 | D:2      | 2224 ||| READING 4 scrolls of identify.
  2224 | D:2      | 2224 ||| IDENTIFYING fuming blue potion
  2225 | D:2      | 2225 ||| READING 3 scrolls of identify.
  2225 | D:2      | 2225 ||| IDENTIFYING red potion
  2226 | D:2      | 2226 ||| READING 2 scrolls of identify.
  2226 | D:2      | 2226 ||| IDENTIFYING blue potion
  2227 | D:2      | 2227 ||| DROPPING potion of brilliance.
  2257 | D:3      | 2257 ||| STAIRDANCE
  2261 | D:2      | Gained mutation: Your magical nature lets you fly swiftly
                  | and evasively. [Tengu growth]
  2261 | D:2      | Reached XP level 5. HP: 30/30 MP: 9/9
  2317 | D:3      | 2317 ||| STAIRDANCE
  2458 | D:3      | 2458 ||| FLEEEEING.
  2459 | D:3      | 2459 ||| FLEEEEING.
  2460 | D:3      | 2460 ||| FLEEEEING.
  2461 | D:3      | 2461 ||| STAIRDANCE
  2577 | D:3      | Found a glowing golden altar of the Shining One.
  2644 | D:3      | 2644 ||| DROPPING +0 club.
  2955 | D:3      | Found a radiant altar of Vehumet.
  3013 | D:3      | 3013 ||| READING scroll labelled GOIXUE SEDU.
  3014 | D:3      | 3014 ||| DRINKING 2 sapphire potions.
  3014 | D:3      | Gained mutation: You have hidden genetic potential. [potion
                  | of mutation]
  3014 | D:3      | Gained mutation: You are resistant to electric shocks.
                  | (rElec) [potion of mutation]
  3014 | D:3      | Gained mutation: You are strong-willed. (Will+) [potion of
                  | mutation]
  3015 | D:3      | 3015 ||| READING 3 scrolls of identify.
  3015 | D:3      | 3015 ||| IDENTIFYING metallic amethyst potion
  3016 | D:3      | 3016 ||| READING 2 scrolls of identify.
  3016 | D:3      | 3016 ||| IDENTIFYING pink potion
  3017 | D:3      | 3017 ||| DROPPING potion of flight.
  3055 | D:4      | Reached skill level 6 in Axes
  3055 | D:4      | 3055 ||| STAIRDANCE
  3262 | D:4      | Reached XP level 6. HP: 22/35 MP: 10/10
  3268 | D:4      | Slain by a wight

Levels and vault maps discovered:
D:1:      dpeg_arrival_ratfight, layout_basic,
          shapermc_ecumenical_altar_mp_urbaneastern, kennysheep_minor_cross
D:2:      layout_basic, uniq_crazy_yiuf_cottage
D:3:      layout_basic, grunt_qazlal_sundering, mainiacjoe_overflow_paths,
          fiery_altar_vehumet, minivault_14
D:4:      layout_rooms, uniq_eustachio

Skill      XL: |  1  2  3  4  5 |
---------------+----------------+-----
Axes           | 3 4 5 6 |  6.7
Fighting       | |  2.0
Throwing       | |  1.0
Armour         | |  1.1
Dodging        | |  2.1
Spellcasting   | |  2.0
Translocations | |  2.4

Action                   |  1- 3 |  4- 6 || total
-------------------------+-------+-------++-------
Melee: Hand axe          |    71 |   117 ||   188
       Kick              |    17 |    22 ||    39
       Peck              |    13 |    14 ||    27
       Punch             |       |     2 ||     2
Throw: Boomerang         |     7 |       ||     7
  Use: Scroll            |     5 |     7 ||    12
       Potion            |       |     2 ||     2
Armor: Leather armour    |     5 |       ||     5
       Scale mail        |    19 |    45 ||    64
       Ring mail         |     6 |       ||     6
Dodge: Dodged            |    36 |    65 ||   101

Table legend:
 A = Non-vault XP
 B = Vault XP
 C = Vault XP percentage of total XP
 D = Non-vault monster count
 E = Vault monster count
 F = Vault count percentage of total count
                 A         B        C        D         E       F
            +---------+---------+-------+---------+---------+-------
      Total |     326 |       5 |   1.5 |      66 |       5 |   7.0
            +---------+---------+-------+---------+---------+-------
        D:1 |      55 |       5 |   8.3 |      24 |       5 |  17.2
        D:2 |      74 |       0 |   0.0 |      26 |       0 |   0.0
        D:3 |      47 |       0 |   0.0 |      14 |       0 |   0.0
        D:4 |     150 |       0 |   0.0 |       2 |       0 |   0.0
            +---------+---------+-------+---------+---------+-------
